Kradschützen Motorcycle Team
Selects Armored Support Battlegroup
Construct Light Support Kompanie
Selects Superior Fire Drills
Panzerjäger Mechanized Group
Selects Flammpanzer III Medium Tank Sd.Kfz. 141
Flammpanzer III Medium Tank
Construct Panzerarmee Kommand
Selects Command Panzer IV F Medium Tank
Command Panzer IV F Medium Tank
Selects Stuka Anti-tank Loiter
Command Panzer IV F Medium Tank
Pak 38 Anti-tank Gun Team